 Dungeon Crawl Stone Soup version 0.29-a0-284-gf9362112df (webtiles) character file.

Game seed: 2576387793137382772

30 spaghetti the Sneak (level 3, -1/26 HPs)
             Began as an Octopode Delver on Mar 19, 2022.
             Slain by a bullfrog (4 damage)
             ... in a sewer.
             The game lasted 00:00:40 (127 turns).

spaghetti the Sneak (Octopode Delver)                Turns: 127, Time: 00:00:41

Health: -1/26      AC:  1    Str: 11    XL:     3   Next: 18%
Magic:  3/3        EV: 13    Int: 12    God:
Gold:   0          SH:  0    Dex: 15    Spells: 2/2 levels left

rFire   . . .      SeeInvis .   a - +0 short sword {short}
rCold   . . .      Faith    .   (no shield)
rNeg    . . .      Spirit   .   (helmet restricted)
rPois   .          Reflect  .   (no amulet)
rElec   .          Harm     .   (no ring)
rCorr   .          Rampage  .   (no ring)
Will    .....                   (no ring)
Stlth   ++++++....              (no ring)
HPRegen 0.08/turn               (no ring)
MPRegen 0.08/turn               (no ring)
                                (no ring)
                                (no ring)

@: hasted, very quick
A: almost no armour, amphibious, 8 rings, camouflage 1, gelatinous body 1,
nimble swimmer 1, tentacles
a: no special abilities


You were in a sewer.
You visited 1 branch of the dungeon, and saw 1 of its levels.
You also visited: Sewer.


Innate Abilities, Weirdness & Mutations

You cannot wear most types of armour.
You are amphibious.
You can wear up to eight rings at the same time.
Your skin changes colour to match your surroundings (Stealth+).
Your rubbery body absorbs attacks. (AC +1, EV +1)
You are camouflaged when in or above water. (Stealth+)
You have tentacles for arms and can constrict up to eight enemies at once.


   Skills:
 - Level 3.0 Fighting
 - Level 2.0 Short Blades
 - Level 2.0 Dodging
 + Level 7.9 Stealth


You had 2 spell levels left.
You didn't know any spells.
Your spell library was empty.

Inventory:

Hand Weapons
 a - a +0 short sword (weapon) {short}
Wands
 f - a wand of digging (3)
Scrolls
 b - a scroll of fog
 c - a scroll of magic mapping {!r}
 d - a scroll of enchant weapon {unknown}
Potions
 g - a potion of heal wounds {unknown}

Dungeon Overview and Level Annotations

Branches:
Dungeon (5/15)              Sewer (1/1)
 Temple: D:4-7

Altars:

≈≈≈≈≈≈≈≈≈≈≈≈≈≈≈≈≈≈≈≈≈≈
≈≈≈≈≈≈≈≈≈≈≈†≈≈≈≈≈≈≈≈≈≈≈≈
≈†††≈≈≈≈≈≈≈≈≈≈≈≈≈≈≈≈≈≈≈≈
≈†≈≈....†....≈≈≈≈≈≈≈≈≈≈.
≈≈#######≈≈≈≈≈≈≈≈≈≈≈≈≈≈≈
≈.# #≈≈≈≈≈≈≈≈≈≈≈≈≈≈≈≈≈
≈.# #≈≈≈≈≈≈≈≈≈.≈≈≈≈≈≈≈
≈.# #≈≈≈≈≈≈≈≈≈≈.≈≈≈≈≈≈≈
≈.# #≈≈≈≈≈≈≈≈?≈@..≈≈≈≈≈
≈≈# #≈≈≈≈≈≈.!$[FF.≈≈≈≈≈
≈≈≈≈≈≈≈.....≈≈≈≈≈≈
≈≈≈≈≈≈≈.≈≈≈..≈≈≈≈
≈≈≈≈≈≈≈≈≈≈≈≈∩≈≈≈≈
#≈≈≈≈≈≈≈≈≈≈≈≈≈≈≈#
##≈≈≈≈≈≈≈≈≈≈≈≈###
####≈≈≈≈≈≈#### ########


You could see 2 bullfrogs.


Message History

You take 2 damage, and now have 15/21 hp.
You are too injured to fight recklessly!
You are too injured to fight recklessly!
You are too injured to fight recklessly!
You are too injured to fight recklessly!
You are too injured to fight recklessly!
You are too injured to fight recklessly!
You are too injured to fight recklessly!
You are too injured to fight recklessly!
You are too injured to fight recklessly!
You are too injured to fight recklessly!
You are too injured to fight recklessly!
You are too injured to fight recklessly!
You are too injured to fight recklessly!
You are too injured to fight recklessly!
You are too injured to fight recklessly!
You are too injured to fight recklessly!
You are too injured to fight recklessly!
You hit the frilled lizard.
You kill the frilled lizard!
You constrict the frilled lizard.
You kill the frilled lizard!
You start resting.
An adder is nearby! 😕 HP[+4]
You regained 4 hp, and now have 19/21 hp.
An adder is nearby!
An adder is nearby!
You see here a giant cockroach corpse.
A frilled lizard comes into view.
A ball python comes into view.
You catch the helpless adder completely off-guard!
You puncture the adder! Your grab misses the adder.
The frilled lizard hisses angrily.
The ball python hisses angrily.
The adder closely misses you. The adder barely misses you.
You barely miss the adder. You grab the adder. You constrict the adder.
You kill the adder!
You have reached level 3!
Your experience leads to an increase in your attributes!
Increase (S)trength, (I)ntelligence, or (D)exterity?
You feel agile. x2 😕 HP[+5] MP[+1]
You now have 26 max hp (+5).
You regained 5 hp, and now have 24/26 hp.
Your mp is fully restored (3).
The ball python bites you but does no damage.
The ball python barely misses you.
You hit the frilled lizard.
You kill the frilled lizard!
The ball python barely misses you. The ball python grabs you.
The ball python constricts you. The ball python closely misses you.
The ball python constricts you. 😕 HP[-2]
You take 2 damage, and now have 22/26 hp.
You hit the ball python. You grab the ball python. You squeeze the ball python.
You kill the ball python!
A ball python comes into view.
Found a gate leading back out of this place. 😕 HP[+1] 2 bullfrogs come into view.
You see here a scroll of blinking {!r}.
You see here 18 gold pieces.
You see here a ruby potion.
g - a ruby potion The bullfrog croaks. x2
As you read the scroll of fear, it crumbles to dust.
You assume a fearsome visage.
The bullfrog looks frightened! x2
Cornered, the bullfrog turns to fight!
You see here a scroll labelled ODDE FIASOAHOPH.
d - a scroll labelled ODDE FIASOAHOPH Cornered, the bullfrog turns to fight!
You closely miss the bullfrog. You grab the bullfrog.
You constrict the bullfrog. The bullfrog closely misses you.
The bullfrog hits you but does no damage.
You hit the bullfrog but do no damage. You squeeze the bullfrog.
You constrict the bullfrog. The bullfrog hits you! The bullfrog hits you.
The bullfrog barely misses you. 😮 HP[-9]
You take 9 damage, and now have 14/26 hp.
MASSIVE DAMAGE!! (PAUSE)
You feel yourself speed up.
You constrict the bullfrog. The bullfrog hits you.
* * * LOW HITPOINT WARNING * * *
The bullfrog hits you.
* * * LOW HITPOINT WARNING * * *
The bullfrog hits you.
* * * LOW HITPOINT WARNING * * *
😱 HP[-11]
You take 11 damage, and now have 3/26 hp.
MASSIVE DAMAGE!! (PAUSE)
Okay, then.
You release your grip on the bullfrog.
The bullfrog attacks as you move away! The bullfrog hits you.
* * * LOW HITPOINT WARNING * * *
😱 HP[-1]
You take 1 damage, and now have 2/26 hp.
Unknown command.
Okay, then.
The bullfrog hits you.
You die...

Skill      XL: |  1 |
---------------+----+-----
Stealth        | 7 |  7.9
Fighting       | |  3.0
Short Blades   | |  2.0
Dodging        | |  2.0

Action                   || total
-------------------------++-------
Melee: Short sword       ||    20
       Constrict         ||     7
       Tentacles         ||     5
  Use: Scroll            ||     1
       Potion            ||     1
 Stab: Sleeping          ||     3
       Distracted        ||     1
Armor: Skin              ||     5
Dodge: Dodged            ||    13

Levels and vault maps discovered:
D:5:      minmay_evil_eye, layout_basic, mainiacjoe_overflow_six_doors_small,
          portal_sewer_entry_f
Sewer:    sewer_frog_island_01

Notes
Turn   | Place    | Note
-------+----------+-------------------------------------------
     0 | D:5      | spaghetti the Octopode Delver began the quest for the Orb.
     0 | D:5      | Reached XP level 1. HP: 16/16 MP: 1/1
     0 | D:5      | magus.rc [v1.9.6]
     3 | D:5      | Found a glowing drain.
    12 | Sewer    | Entered a sewer
    34 | Sewer    | Reached skill level 7 in Stealth
    34 | Sewer    | Reached XP level 2. HP: 20/21 MP: 2/2
   106 | Sewer    | Reached XP level 3. HP: 24/26 MP: 3/3
   116 | Sewer    | Noticed a bullfrog
   116 | Sewer    | Noticed a bullfrog
   125 | Sewer    | HP: 3/26 [bullfrog (5)]
   127 | Sewer    | Slain by a bullfrog

Vanquished Creatures
  2 adders (Sewer)
  2 ball pythons (Sewer)
  4 giant cockroaches (Sewer)
  5 frilled lizards (Sewer)
13 creatures vanquished.

Table legend:
 A = Non-vault XP
 B = Vault XP
 C = Vault XP percentage of total XP
 D = Non-vault monster count
 E = Vault monster count
 F = Vault count percentage of total count
                 A         B        C        D         E       F
            +---------+---------+-------+---------+---------+-------
      Total |       0 |      43 | 100.0 |       0 |      13 | 100.0
            +---------+---------+-------+---------+---------+-------
      Sewer |       0 |      43 | 100.0 |       0 |      13 | 100.0
            +---------+---------+-------+---------+---------+-------

Illustrated notes

Table legend:
 A = Kills in this place as a percentage of kills in entire the game.
 B = Kills by you in this place as a percentage of kills by you in the entire game.
 C = Kills by friends in this place as a percentage of kills by friends in the entire game.
 D = Other kills in this place as a percentage of other kills in the entire game.
 E = Experience gained in this place as a percentage of experience gained in the entire game.
 F = Experience gained in this place divided by the number of levels of this place that you have seen.
                   A       B       C       D       E      F
               +-------+-------+-------+-------+-------+----------------------
         Total | 100.0 | 100.0 |   N/A |   N/A | 100.0 |  21.5
         Sewer | 100.0 | 100.0 |   N/A |   N/A | 100.0 |  43.0
               +-------+-------+-------+-------+-------+----------------------

Table legend: (Time is in decaauts)
 A = Elapsed time spent in this place.
 B = Non-inter-level travel time spent in this place.
 C = Inter-level travel time spent in this place.
 D = Time resting spent in this place.
 E = Time spent auto-exploring this place.
 F = Levels seen in this place.
 G = Mean time per level.
                   A        B        C        D        E       F      G
               +--------+--------+--------+--------+--------+-----+--------+
         Total |    126 |    126 |      0 |     46 |      3 |   2 |   63.0 |
       Dungeon |     12 |     12 |      0 |      0 |      0 |   1 |   12.0 |
         Sewer |    114 |    114 |      0 |     46 |      3 |   1 |  114.0 |
               +--------+--------+--------+--------+--------+-----+--------+

Top non-repeatable levels by time:
   Sewer: 114 daAuts
     D:5: 12 daAuts
